cohdb
Replays
Latest Replays
All Replays
Popular Replays
Top Player Replays
Match Explorer
How It Works
Community
CoH3 Stats
Reddit
Sign in to upload your games and track your stats! →
Sign in with Steam
Match 45219030
Unlisted
Match 45219030
Overview
Messages
Build Orders
End
Scout Squad
Construct Weapon Support Center
Selects Advanced Infantry Battlegroup
M1919 Machine Gun Team
Scout Squad
Scout Squad
Scout Squad
M1919 Machine Gun Team
Construct Medical Station
Selects Artillery Observers
Infantry Support Center
Bazooka Squad
Advanced Logistics
Selects Convert to Ranger Squad
Improved M9 Bazooka Rockets
Engineer Squad
Survival Training
Construct Barracks
Selects Designate Assault Position
Munitions Surplus
Ranger Squad
Demolitions Package
Selects Ranger Weapon Training
Ranger Squad
Engineer Squad
Designate Assault Position
Selects M2A1 105mm Howitzer Emplacement
Ranger Squad
Selects Free Fire Drills
PAX AJAX
Lemon
0
0
Comments
sign in to comment!
No comments posted yet!